 Dungeon Crawl Stone Soup version 0.31-a0-128-g25add195a6 (webtiles) character file.

Game seed: 5570862144214874758

26 dracfodder the Magician (level 3, 0/25 HPs)
             Began as a Djinni Fire Elementalist on June 2, 2023.
             Slain by a jackal (2 damage)
             ... on level 2 of the Dungeon.
             The game lasted 00:05:59 (901 turns).

dracfodder the Magician (Djinni Fire Elementalist)   Turns: 901, Time: 00:05:59

Health: 0/25       AC:  2    Str:  7    XL:     3   Next: 22%
Gold:   51         EV: 12    Int: 18    God:
                   SH:  0    Dex: 13

rFire   + + .        b - +0 short sword
rCold   x . .        (no shield)
rNeg    . . .        a - +0 robe
rPois   ∞            (no helmet)
rElec   .            (no cloak)
rCorr   .            (no gloves)
SInv    .            (boots unavailable)
Will    .....        (no amulet)
Stlth   ++           (no ring)
HPRegen 0.24/turn    (no ring)
MPRegen 0.00/turn

%: infuse magic (-1 HP)
@: flying
A: sickness immunity, fire resistance 2, cold vulnerability 1, float, innate
caster, HP casting, extra vitality 1
a: no special abilities


You were on level 2 of the Dungeon.
You visited 1 branch of the dungeon, and saw 2 of its levels.

You collected 51 gold pieces.

Inventory:

Hand Weapons
 b - a +0 short sword (weapon)
Armour
 a - a +0 robe (worn)
Scrolls
 d - a scroll of amnesia {unknown}
Potions
 c - a potion of curing {unknown}


   Skills:
 + Level 2.9 Dodging
 + Level 2.2 Stealth
 * Level 3.1 Spellcasting
 * Level 3.1 Conjurations
 * Level 3.1 Hexes
 * Level 3.1 Summonings
 * Level 3.1 Necromancy
 * Level 3.1 Translocations
 * Level 3.1 Transmutations
 * Level 3.1 Fire Magic
 * Level 3.1 Ice Magic
 * Level 3.1 Air Magic
 * Level 3.1 Earth Magic
 * Level 3.1 Poison Magic


You knew the following spells:

 Your Spells              Type           Power      Damage    Failure   Level
a - Foxfire               Conj/Fire      56%        2x1d6     4%          1
b - Scorch                Fire           28%        2d6       7%          2
c - Volatile Blastmotes   Fire/Tloc      28%        2d12      14%         3
d - Inner Flame           Hex/Fire       14%        N/A       14%         3
e - Flame Wave            Conj/Fire      14%        2d6       41%         4
f - Freeze                Ice            56%        1d7       4%          1
Your spell library was empty.

Dungeon Overview and Level Annotations

Branches:
Dungeon (2/15)

Altars:


Innate Abilities, Weirdness & Mutations

You are immune to sickness and miasma.
You are immune to poison.
Your flesh is very heat resistant. (rF++)
You are vulnerable to cold. (rC-)
You float through the air rather than walking.
You learn spells naturally, not from books.
Your magical power is your life essence.
You have superior vitality. (+4 MHP)


Message History

The kobold hits you with a +0 whip.
* * * LOW HITPOINT WARNING * * *
Your magical contamination has completely faded away.
Casting: Foxfire (safe; 4% risk of failure)
Press: ? - help, Q - select action, (/) - cycle Dir - look around, f - activate You conjure some foxfire!
The hobgoblin shouts!
* * * LOW HITPOINT WARNING * * *
The giant cockroach barely misses you. The kobold barely misses you.
Unknown command.
You hit the giant cockroach but do no damage.
The foxfire hits the giant cockroach but does no damage.
The giant cockroach is moderately wounded.
The foxfire hits the giant cockroach.
The giant cockroach is moderately wounded.
The giant cockroach barely misses you.
The giant cockroach bites you but does no damage.
A jackal comes into view.
The giant cockroach bites you but does no damage.
The giant cockroach bites you.
* * * LOW HITPOINT WARNING * * *
A rat comes into view.
The kobold hits you with a +0 whip.
* * * LOW HITPOINT WARNING * * *
A kobold comes into view. It is wielding a +0 long sword.
The giant cockroach misses you.
The kobold moves out of view.
The giant cockroach attacks as you move away!
The giant cockroach barely misses you.
The jackal barks!
You hear a bark!
You hear a shout!
The jackal attacks as you move away! The jackal barely misses you.
The jackal stops to sniff the ground.
The jackal bites you.
* * * LOW HITPOINT WARNING * * *
The giant cockroach attacks as you move away!
The giant cockroach closely misses you.
The giant cockroach attacks as you move away!
The giant cockroach bites you.
* * * LOW HITPOINT WARNING * * *
The jackal bites you.
You die...

...###.# .#
#....g##.##.
#.#).......
#####.†...#
#.....#K#.#
##.####.B..###
###..###..##.....#
#......#hB....#.##
#.>.#@####.!.#
#...<.### ####
#...)..<#
#...###..# #...#
##..# ##### #.#
... ##.. .##


You could see a jackal, 2 giant cockroaches, a hobgoblin and a kobold.

Vanquished Creatures
  2 ball pythons (D:1)
  2 bats
  2 endoplasms (D:1)
  A goblin (D:2)
  2 hobgoblins
  4 jackals (D:1)
  3 kobolds
  A quokka (D:1)
  2 frilled lizards
  5 rats
24 creatures vanquished.

Vanquished Creatures (others)
  41 foxfires
41 creatures vanquished.

Grand Total: 65 creatures vanquished

Notes
Turn   | Place    | Note
-------+----------+-------------------------------------------
     0 | D:1      | dracfodder the Djinni Fire Elementalist began the quest for
                  | the Orb.
     0 | D:1      | dracfodder set off with the following spells memorised:
                  | Foxfire, Scorch, Volatile Blastmotes, Inner Flame, Flame
                  | Wave.
     0 | D:1      | Reached XP level 1. HP: 15/15 MP: 0/0
    98 | D:1      | Reached XP level 2. HP: 21/21 MP: 0/0
   545 | D:1      | Found a faded altar of an unknown god.
   724 | D:1      | Reached XP level 3. HP: 24/25 MP: 0/0
   724 | D:1      | Learned a level 1 spell: Freeze
   901 | D:2      | HP: 1/25 [giant cockroach (2)]
   901 | D:2      | Slain by a jackal

Illustrated notes

Levels and vault maps discovered:
D:1:      dpeg_arrival_chambers_temple_mockup, layout_loops_cross,
          hellmonk_ecumenical_altar_dog_temple
D:2:      layout_rooms, minivault_24, minmay_fractal_squares_5

Skill      XL: |  1  2 |
---------------+-------+-----
Spellcasting   | |  3.1
Conjurations   | |  3.1
Hexes          | |  3.1
Summonings     | |  3.1
Necromancy     | |  3.1
Translocations | |  3.1
Transmutations | |  3.1
Fire Magic     | |  3.1
Ice Magic      | |  3.1
Air Magic      | |  3.1
Earth Magic    | |  3.1
Poison Magic   | |  3.1
Stealth        | 2 |  2.2
Dodging        | |  2.9

Action                     || total
---------------------------++-------
  Melee: Short sword       ||    12
         Punch             ||     1
   Cast: Foxfire           ||    25
         Freeze            ||     2
 Armour: Robe              ||     5
  Dodge: Dodged            ||    32

Table legend: (Time is in decaauts)
 A = Elapsed time spent in this place.
 B = Non-inter-level travel time spent in this place.
 C = Inter-level travel time spent in this place.
 D = Time resting spent in this place.
 E = Time spent auto-exploring this place.
 F = Levels seen in this place.
 G = Mean time per level.
                   A        B        C        D        E       F      G
               +--------+--------+--------+--------+--------+-----+--------+
         Total |    900 |    873 |     27 |      0 |    737 |   2 |  450.0 |
       Dungeon |    900 |    873 |     27 |      0 |    737 |   2 |  450.0 |
               +--------+--------+--------+--------+--------+-----+--------+

Top non-repeatable levels by time:
     D:1: 865 daAuts
     D:2: 34 daAuts
